 Dungeon Crawl Stone Soup version 0.31.0-2-g5a2aebc5c2 (webtiles) character file.

Game seed: 1243230645491732214

704 dialectric the Slasher (level 7, -1/62 HPs)
             Began as a Minotaur Gladiator on Jan 20, 2024.
             Succumbed to a scorpion's poison
             ... on level 6 of the Dungeon.
             The game lasted 00:04:41 (4018 turns).

dialectric the Slasher (Minotaur Gladiator)         Turns: 4018, Time: 00:04:41

Health: -1/62      AC:  4    Str: 20    XL:     7   Next: 39%
Magic:  6/6        EV: 13    Int:  5    God:
Gold:   268        SH:  0    Dex: 12    Spells: 6/6 levels left

rFire   + . .        a - +0 long sword
rCold   . . .        (no shield)
rNeg    . . .        A - +0 leather armour {rF+}
rPois   .            c - +0 hat
rElec   .            o - +0 cloak
rCorr   .            (no gloves)
SInv    .            (no boots)
Will    .....        (no amulet)
Stlth   +            (no ring)
HPRegen 0.30/turn    (no ring)
MPRegen 0.10/turn

%: no passive effects
@: lethally poisoned (-1 -> -29)
A: horns 2, retaliatory headbutt
a: no special abilities


You were on level 6 of the Dungeon.
You visited 2 branches of the dungeon, and saw 7 of its levels.

You collected 356 gold pieces.
You spent 88 gold pieces at shops.

Inventory:

Hand Weapons
 a - a +0 long sword (weapon)
 y - a +1 trident of venom
Missiles
 d - 2 throwing nets (quivered)
 e - 6 javelins
Armour
 c - a +0 hat (worn)
 o - a +0 cloak (worn)
 v - a +0 kite shield
 A - a +0 leather armour of fire resistance (worn)
Wands
 b - a wand of paralysis (12)
 z - a wand of light (7)
Scrolls
 f - 2 scrolls of immolation {unknown}
 g - a scroll of fog {unknown}
 h - 2 scrolls of teleportation
 i - 2 scrolls of vulnerability {unknown}
 k - a scroll of noise {unknown}
 r - 2 scrolls of blinking {unknown}
 x - a scroll of identify {unknown}
 B - a scroll of fear {unknown}
Potions
 j - 2 potions of haste {unknown}
 l - 2 potions of brilliance {unknown}
 m - a potion of invisibility {unknown}
 n - a potion of mutation {unknown}
 p - 2 potions of ambrosia {unknown}
 q - 2 potions of curing {unknown}
 s - a potion of experience {unknown}
 t - a potion of degeneration {unknown}
 u - a potion of enlightenment {unknown}
 w - a potion of berserk rage {unknown}


   Skills:
 * Level 5.9 Fighting
 + Level 7.1 Long Blades
 - Level 2.1 Throwing
 + Level 3.7 Armour
 + Level 4.5 Dodging


You had 6 spell levels left.
You didn't know any spells.
Your spell library contained the following spells:

 Spells                   Type           Power      Damage    Failure   Level
 Mercury Vapours          Alch/Air       0%         N/A       67%         2
 Fugue of the Fallen      Necr           0%         N/A       88%         3
 Inner Flame              Hex/Fire       0%         N/A       88%         3
 Mephitic Cloud           Conj/Alch/Air  0%         N/A       88%         3
 Ozocubu's Armour         Ice            0%         N/A       88%         3
 Flame Wave               Conj/Fire      0%         2d4       99%         4
 Manifold Assault         Tloc           0%         N/A       99%         4
 Sticky Flame             Fire/Alch      0%         2d4       99%         4
 Freezing Cloud           Conj/Ice/Air   0%         6-21      100%        5


Dungeon Overview and Level Annotations

Branches:
Dungeon (6/15)             Temple (1/1) D:5

Altars:
Cheibriados
Dithmenos
Elyvilon
Gozag
Kikubaaqudgha
Nemelex Xobeh
Qazlal
Yredelemnul
Zin
The Shining One

Shops:
D:2 [([(?

Annotations:
D:4 Dowan
D:5 2 transporters, TheBioAlchemist's ghost, novice GrEE


Innate Abilities, Weirdness & Mutations

You have a pair of horns on your head.
You reflexively headbutt those who attack you in melee.


Message History

You destroy the sleepcap!
Unknown command.
Unknown command.
Unknown command.
You start resting.
A scorpion comes into view.
A scorpion is nearby!
You start resting.
A scorpion is nearby!
Aiming: Paralyse
Press: ? - help, Shift-Dir - straight line, f - scorpion
Aim: a scorpion (wandering, hasn't noticed you, chance to affect: 49%)
The scorpion resists with some effort.
Unknown command.
You are too injured to fight recklessly!
Unknown command.
You are too injured to fight recklessly!
The scorpion stings you.
You hit the scorpion. Your headbutt misses the scorpion.
The scorpion is moderately wounded.
The scorpion stings you.
You are poisoned.
The scorpion poisons you!
You are too injured to fight recklessly!
Unknown command.
You are too injured to fight recklessly!
You completely miss the scorpion. You headbutt the scorpion!
The scorpion is severely wounded.
You feel very sick. The scorpion stings you.
* * * LOW HITPOINT WARNING * * *
You are lethally poisoned!
The scorpion poisons you! The scorpion stings you.
* * * LOW HITPOINT WARNING * * *
You are more poisoned.
The scorpion poisons you!
Unknown command.
You hit the scorpion.
The scorpion is severely wounded.
You die...

.. ......## .# ...
###$..[..## #.#
$.##.........####.## .
..........#.^.....#####
..###/s.....................
......?......... ..~~..♣♣♣P.
............######.~≈P..P..
.............s@.....PP♣♣.♣♣
............#.####...♣♣...♣♣
..$............###.♣.♣....P♣.
....###............♣...._....
.$. #####.##.....♣.♣P....♣ ..
.......#..P.♣♣..P♣♣ .
#####......P.♣♣.♣♣ .
##.....≈~P..P..P~~
#......~~..♣♣♣P.~~


You could see a scorpion.

Vanquished Creatures
  Duvessa (D:5)
  A scorpion (D:5)
  A howler monkey (D:4)
  2 hounds
  A bombardier beetle (D:5)
  A gnoll bouda (D:4)
  A jelly (D:5)
  2 iguanas (D:6)
  3 sleepcaps
  Ijyb (D:5)
  3 gnolls
  8 adders
  5 dart slugs
  A ribbon worm (D:3)
  6 orcs
  8 ball pythons
  5 bats
  5 endoplasms
  10 hobgoblins
  4 jackals (D:3)
  4 quokkas
  5 frilled lizards
  5 goblins
  8 kobolds
  3 rats
94 creatures vanquished.

Notes
Turn   | Place    | Note
-------+----------+-------------------------------------------
     0 | D:1      | dialectric the Minotaur Gladiator began the quest for the
                  | Orb.
     0 | D:1      | Reached XP level 1. HP: 18/18 MP: 0/0
   121 | D:1      | Reached XP level 2. HP: 25/25 MP: 1/1
   241 | D:1      | Reached skill level 4 in Long Blades
   459 | D:2      | Reached XP level 3. HP: 27/30 MP: 2/2
   507 | D:2      | Found Minur's Antique Weapon Boutique.
   566 | D:2      | Found Lodummynt's Antique Weapon Emporium.
   586 | D:2      | Reached skill level 1 in Armour
   641 | D:2      | Reached XP level 4. HP: 33/38 MP: 3/3
   757 | D:2      | Found a glowing silver altar of Zin.
   906 | D:2      | Found Rophutel's Armour Boutique.
  1088 | D:2      | Found Maazy's Armour Shoppe.
  1093 | D:2      | Bought a +0 cloak for 58 gold pieces
  1217 | D:2      | Found Ylibiree's Magic Scroll Shoppe.
  1224 | D:2      | Bought a scroll of teleportation for 30 gold pieces
  1698 | D:3      | Reached skill level 5 in Long Blades
  2154 | D:4      | Found a shadowy altar of Dithmenos.
  2198 | D:4      | Reached XP level 5. HP: 41/45 MP: 4/4
  2875 | D:5      | Entered Level 5 of the Dungeon
  2892 | D:4      | Reached XP level 6. HP: 38/53 MP: 5/5
  3058 | D:5      | Reached skill level 6 in Long Blades
  3208 | D:5      | Found a staircase to the Ecumenical Temple.
  3210 | D:5      | Reached skill level 5 in Fighting
  3224 | Temple   | Entered the Ecumenical Temple
  3316 | D:5      | Found a transporter.
  3316 | D:5      | Noticed TheBioAlchemist's ghost (novice GrEE)
  3317 | D:5      | Found a transporter.
  3351 | D:5      | Noticed Ijyb
  3364 | D:5      | Killed Ijyb
  3682 | D:5      | Noticed Duvessa
  3683 | D:5      | Noticed Dowan
  3698 | D:5      | Killed Duvessa
  3699 | D:5      | Reached XP level 7. HP: 25/62 MP: 6/6
  3934 | D:6      | Found a white marble altar of Elyvilon.
  3979 | D:6      | Reached skill level 7 in Long Blades
  4018 | D:6      | Succumbed to a scorpion's poison

Illustrated notes

Levels and vault maps discovered:
D:1:      shiori_arrival_maze, layout_basic
D:2:      layout_loops_ring, serial_shops, shop, shop, shop,
          nicolae_shop_getting_attention, nicolae_shop_window_shopping,
          basic_altar
D:3:      layout_basic, grunt_decor_one_mirror, chequers_hall_statues_corner_a
D:4:      layout_loops_ring, mainiacjoe_overflow_alcove_4
D:5:      layout_basic, minmay_temple_entry_hall, gammafunk_ghost_smash,
          serial_shops, nicolae_square_shop, roderic_serpentine_path, uniq_ijyb,
          uniq_duvessa
D:6:      layout_rooms, nicolae_elyvilon_peaceful_grove, lemuel_round_altar,
          nicolae_hepliaklqana_monster_ancestors, uniq_blork_the_orc
Temple:   nicolae_temple_godpark

Skill      XL: |  1  2  3  4  5  6  7 |
---------------+----------------------+-----
Long Blades    | 4 5 6 7 |  7.1
Fighting       | 3 4 5 |  5.9
Dodging        | 4 |  4.5
Armour         | 1 2 3 |  3.7
Throwing       | |  2.1

Action                     |  1- 3 |  4- 6 |  7- 9 || total
---------------------------+-------+-------+-------++-------
  Melee: Long sword        |    39 |   159 |    23 ||   221
         Headbutt          |     9 |    32 |     5 ||    46
         Punch             |     1 |     2 |       ||     3
  Throw: Throwing net      |       |     1 |     1 ||     2
  Evoke: Wand              |       |     1 |     1 ||     2
    Use: Scroll            |       |       |     1 ||     1
   Stab: Sleeping          |       |     2 |       ||     2
         Invisible         |       |     1 |       ||     1
 Armour: Leather armour    |    22 |    87 |    21 ||   130
  Dodge: Dodged            |    33 |   108 |    21 ||   162
